 Dungeon Crawl Stone Soup version 0.20.2-3-g29329e0561 (webtiles) character file.

1975 Alfie the Cutter (level 9, 0/78 HPs)
             Began as a Hill Orc Fighter on Apr 15, 2024.
             Slain by Alfie's ghost (4 damage)
             ... on level 6 of the Dungeon.
             The game lasted 00:16:48 (4411 turns).

Alfie the Cutter (Hill Orc Fighter)                 Turns: 4411, Time: 00:16:49

Health: 0/78       AC:  9    Str: 22    XL:     9   Next: 20%
Magic:  9/9        EV:  9    Int:  8    God:
Gold:   158        SH: 10    Dex: 10    Spells: 8/8 levels left

rFire    . . .     SeeInvis .   a - +1 rapier
rCold    . . .     Gourm    .   c - +0 shield
rNeg     . . .     Faith    .   b - +0 scale mail
rPois    +         Spirit   .   g - +0 helmet
rElec    .         Reflect  .   (no cloak)
rCorr    .         Harm     .   l - +0 pair of gloves
MR       .....                  (no boots)
Stlth    +.........             (no amulet)
Regen    0.3/turn               e - ring of stealth
MPRegen  0.2/turn               n - ring of poison resistance

@: no status effects
A: hooves 1, blink
a: Blink


You were on level 6 of the Dungeon.
You were not hungry.

You visited 1 branch of the dungeon, and saw 6 of its levels.

You collected 158 gold pieces.

Inventory:

Hand Weapons
 a - a +1 rapier (weapon)
Missiles
 q - 6 tomahawks (quivered)
Armour
 b - a +0 scale mail (worn)
 c - a +0 shield (worn)
 g - a +0 helmet (worn)
 l - a +0 pair of gloves (worn)
Jewellery
 e - a ring of stealth (left hand)
 i - an uncursed amulet of rage
 n - a ring of poison resistance (right hand)
 t - an uncursed ring of stealth
Wands
 j - a wand of paralysis (13/24)
 u - a wand of polymorph (5/24)
Scrolls
 h - 2 scrolls of fog
 k - 2 scrolls of amnesia {unknown}
 m - a scroll of remove curse
 s - a scroll of fear {unknown}
Potions
 d - a potion of flight
 p - a potion of curing {unknown}
Books
 r - a book of Minor Magic

   Spells                             Type                      Level
   a - Magic Dart                     Conjuration                  1
   b - Blink                          Translocation                2
   c - Call Imp                       Summoning                    2
   d - Slow                           Hexes                        2
   e - Conjure Flame                  Conjuration/Fire             3
   f - Mephitic Cloud                 Conjuration/Poison/Air       3
Comestibles
 f - a bread ration
 o - 3 meat rations


   Skills:
 + Level 6.4 Fighting
 + Level 7.9 Short Blades
 + Level 5.4 Armour
 + Level 2.7 Dodging
 + Level 0.3 Stealth
 + Level 6.8 Shields


You had 8 spell levels left.
You didn't know any spells.

Dungeon Overview and Level Annotations

Branches:
Dungeon (6/15)             Temple (0/1) D:5

Altars:
Fedhas
Hepliaklqana
Ru
Sif Muna

Annotations:
D:6 Alfie's ghost, novice HOFi


Innate Abilities, Weirdness & Mutations

You have large cloven feet.
You can translocate small distances at will.


Message History

You kick Alfie's ghost, but do no damage.
Alfie's ghost is almost destroyed.
Alfie's ghost hits you but does no damage.
You hit Alfie's ghost but do no damage.
You kick Alfie's ghost, but do no damage.
Alfie's ghost is almost destroyed.
You hit Alfie's ghost but do no damage. Your kick misses Alfie's ghost.
Alfie's ghost is almost destroyed.
You block Alfie's ghost's attack.
You hit Alfie's ghost but do no damage.
You kick Alfie's ghost, but do no damage.
Alfie's ghost is almost destroyed.
Alfie's ghost hits you but does no damage.
You completely miss Alfie's ghost.
Alfie's ghost is almost destroyed.
You block Alfie's ghost's attack.
You closely miss Alfie's ghost.
Alfie's ghost is almost destroyed.
Alfie's ghost hits you.
You die...

#.# ... ..# ####
..# ## ..# ..#..
#.# ...
#.#####.####.#####.
#......lZW@........
#..####.####.######
..Z..Z..# .#
#.......# .#
######### .. .# .#
..


You could see an iguana, Alfie's ghost and a leopard gecko zombie.

Vanquished Creatures
  Sigmund (D:2)
  Duvessa (D:4)
  The ghost of Alfie the Skirmisher, an amateur HOFi (D:3)
  An orc warrior (D:3)
  A sky beast (D:5)
  A phantom (D:4)
  3 ogres (D:4)
  2 centaurs (D:5)
  Dowan (D:4)
  3 scorpions
  2 howler monkeys
  A crimson imp (D:5)
  A hound (D:4)
  7 orc wizards
  2 orc priests (D:4)
  An iguana (D:4)
  4 worker ants
  A killer bee zombie (D:4)
  A hound zombie (D:3)
  8 adders
  A shadow imp (D:5)
  3 oozes
  3 adder skeletons
  2 worms (D:2)
  4 dart slugs
  6 leopard geckos
  21 orcs
  11 bats
  3 giant cockroaches
  6 goblins
  11 hobgoblins
  4 kobolds
  A quokka (D:4)
  3 ball pythons (D:2)
  5 frilled lizards
  6 rats
133 creatures vanquished.

Notes
Turn   | Place    | Note
-------+----------+-------------------------------------------
     0 | D:1      | Alfie the Hill Orc Fighter began the quest for the Orb.
     0 | D:1      | Reached XP level 1. HP: 19/19 MP: 1/1
   120 | D:1      | Reached XP level 2. HP: 16/27 MP: 2/2
   783 | D:1      | Reached XP level 3. HP: 33/33 MP: 3/3
  1015 | D:2      | Noticed Sigmund
  1027 | D:2      | Killed Sigmund
  1027 | D:2      | Reached skill level 3 in Short Blades
  1027 | D:2      | Reached skill level 1 in Dodging
  1027 | D:2      | Reached XP level 4. HP: 25/41 MP: 4/4
  1027 | D:2      | Reached XP level 5. HP: 29/47 MP: 5/5
  1064 | D:2      | Found a deep blue altar of Sif Muna.
  1173 | D:2      | Found a blossoming altar of Fedhas.
  1384 | D:2      | Found a hazy altar of Hepliaklqana.
  1578 | D:2      | Reached XP level 6. HP: 51/53 MP: 6/6
  1660 | D:3      | Noticed Alfie's ghost (amateur HOFi)
  1669 | D:3      | Reached skill level 4 in Short Blades
  1716 | D:3      | Killed Alfie's ghost
  1925 | D:3      | Noticed an orc warrior
  1962 | D:3      | Killed an orc warrior
  1962 | D:3      | Reached skill level 5 in Shields
  1962 | D:3      | Reached XP level 7. HP: 22/60 MP: 7/7
  2096 | D:3      | Reached skill level 5 in Short Blades
  2533 | D:4      | Reached skill level 5 in Fighting
  2535 | D:4      | Gained mutation: You have large cloven feet. [potion of mutation]
  2535 | D:4      | Gained mutation: You can translocate small distances at will. [potion of mutation]
  2536 | D:4      | HP: 3/61 [orc wizard/magic dart (6)]
  2543 | D:4      | HP: 1/61 [hobgoblin/club (4)]
  2975 | D:4      | Reached skill level 6 in Short Blades
  2975 | D:4      | Reached XP level 8. HP: 30/69 MP: 8/8
  3104 | D:4      | Noticed Dowan
  3131 | D:4      | Noticed Duvessa
  3146 | D:4      | Killed Duvessa
  3161 | D:4      | Found a sacrificial altar of Ru.
  3190 | D:4      | Killed Dowan
  3346 | D:4      | Reached skill level 7 in Short Blades
  3365 | D:4      | Reached skill level 5 in Armour
  3617 | D:5      | Entered Level 5 of the Dungeon
  3830 | D:5      | Found a staircase to the Ecumenical Temple.
  3887 | D:5      | Reached XP level 9. HP: 56/75 MP: 9/9
  4355 | D:6      | Noticed Alfie's ghost (novice HOFi)
  4405 | D:6      | HP: 2/78 [Alfie's ghost (4)]
  4411 | D:6      | Slain by Alfie's ghost

Skill      XL: |  1  2  3  4  5  6  7  8 |
---------------+-------------------------+-----
Fighting       | 4 5 6 |  6.4
Short Blades   | 3 4 6 7 |  7.9
Dodging        | 1 2 |  2.7
Shields        | 4 5 6 |  6.8
Armour         | 4 5 |  5.4
Stealth        | |  0.3

Action                   |  1- 3 |  4- 6 |  7- 9 || total
-------------------------+-------+-------+-------++-------
Melee: Rapier            |   106 |   188 |   406 ||   700
       Kick              |       |       |    76 ||    76
  Use: Scroll            |     2 |     3 |     2 ||     7
       Potion            |     1 |       |     3 ||     4
  Eat: Bread ration      |       |     1 |     2 ||     3
       Royal jelly       |       |       |     1 ||     1
Armor: Scale mail        |    72 |    59 |   108 ||   239
Dodge: Dodged            |    44 |    47 |    80 ||   171
Block: Shield            |    70 |   107 |   130 ||   307
